 Dungeon Crawl Stone Soup version 0.18.1-48-g4cf74bf (webtiles) character file.

7525 Heedrag the Destroyer (level 10, -5/58 HPs)
             Began as a Deep Elf Conjurer on Aug 27, 2016.
             Was an Elder of Vehumet.
             Slain by a polar bear simulacrum (12 damage)
             ... in an ice cave.
             The game lasted 00:26:45 (10653 turns).

Heedrag the Destroyer (Deep Elf Conjurer)          Turns: 10653, Time: 00:26:45

Health: -5/58      AC:  3    Str:  8      XL:     10   Next: 95%
Magic:  20/26      EV: 15    Int: 20 (21) God:    Vehumet [****..]
Gold:   697        SH:  0    Dex: 14 (15) Spells: 3 memorised, 20 levels left

rFire  . . .     SeeInvis .     e - +2 dagger (drain)
rCold  . . .     Gourm    .     a - +0 robe
rNeg   . . .     Faith    +     (no shield)
rPois  .         Spirit   .     (no helmet)
rElec  .         Dismiss  .     (no cloak)
rCorr  .         Reflect  .     J - +2 pair of gloves
SustAt .         Harm     .     B - +0 pair of boots
MR     +....                    C - amulet of faith
Stlth  ++........               (no ring)
                                S - -3 ring of protection (curse)

@: somewhat resistant to hostile enchantments, unstealthy
A: no striking features
a: Renounce Religion


You were in an ice cave.
You worshipped Vehumet.
Vehumet was greatly pleased with you.
You were very hungry.

You visited 3 branches of the dungeon, and saw 12 of its levels.
You also visited: Ice Cave.

You collected 697 gold pieces.

Inventory:

Hand Weapons
 e - a +2 dagger of draining (weapon)
 l - a cursed +0 blowgun
Missiles
 y - 26 poisoned needles
Armour
 a - a +0 robe (worn)
 s - a +0 pair of gloves
 B - a +0 pair of boots (worn)
 J - a +2 pair of gloves (worn)
 V - a +0 troll leather armour
 W - a +0 large shield
Jewellery
 C - an amulet of faith (around neck)
 I - an uncursed ring of ice
 S - a cursed -3 ring of protection (left hand)
 U - a cursed amulet of inaccuracy {unknown}
Wands
 h - a wand of hasting (7/9)
 G - a wand of digging (17/24)
 H - a wand of polymorph (13/24)
Scrolls
 d - 8 scrolls of identify {unknown}
 j - 3 scrolls of noise {unknown}
 o - 7 scrolls of teleportation {unknown}
 r - 5 scrolls of remove curse {unknown}
 t - a scroll of enchant weapon {unknown}
 u - 2 scrolls of magic mapping
 w - 3 scrolls of fog
 x - a scroll of random uselessness
 z - a scroll of brand weapon
 K - a scroll of blinking
 N - 3 scrolls of fear
 P - a scroll of silence
 R - a scroll of amnesia
 T - a scroll of enchant armour
Potions
 f - a potion of brilliance
 g - a potion of magic
 k - 2 potions of degeneration
 p - 2 potions of heal wounds
 v - a potion of flight
 A - 6 potions of curing
Books
 b - a book of Conjurations

   Spells                             Type                      Level
   a - Magic Dart                     Conjuration                  1
   b - Searing Ray                    Conjuration                  2
   c - Dazzling Spray                 Conjuration/Hexes            3
   d - Fulminant Prism                Conjuration/Hexes            4
   e - Iskenderun's Mystic Blast      Conjuration                  4
   f - Iskenderun's Battlesphere      Conjuration/Charms           5
 n - a book of Clouds

   Spells                             Type                      Level
   a - Mephitic Cloud                 Conjuration/Poison/Air       3
   b - Conjure Flame                  Conjuration/Fire             3
   c - Poisonous Cloud                Conjuration/Poison/Air       6
   d - Freezing Cloud                 Conjuration/Ice/Air          6
   e - Ring of Flames                 Charms/Fire                  7
Miscellaneous
 m - a lamp of fire
 Y - a crystal ball of energy
 Z - a phantom mirror
Comestibles
 c - 10 bread rations
 i - 2 beef jerkies
 q - a slice of pizza
 D - 4 meat rations
 E - a chunk of flesh


   Skills:
 + Level 4.3 Fighting
 + Level 6.6 Dodging
 - Level 2.4 Stealth
 + Level 10.5 Spellcasting
 * Level 12.3 Conjurations
 + Level 10.1 Charms


You had 20 spell levels left.
You knew the following spells:

 Your Spells              Type           Power        Failure   Level  Hunger
a - Magic Dart            Conj           ####         1%          1    None
b - Iskenderun's Mystic   Conj           ######..     1%          4    ##.....
c - Iskenderun's Battles  Conj/Chrm      ######..     1%          5    ####...


Dungeon Overview and Level Annotations

Branches:
Dungeon (10/15)            Temple (1/1) D:5            Lair (1/8) D:10
    Orc (0/2) D:9

Altars:
Ashenzari
Cheibriados
Dithmenos
Elyvilon
Fedhas
Gozag
Kikubaaqudgha
Makhleb
Nemelex Xobeh
Okawaru
Pakellas
Qazlal
Ru
Sif Muna
Trog
Vehumet
Xom
Zin
The Shining One

Shops:
D:4 *


Message History

Yer battlesphere fires!
Tha barrage o' energy hits tha alligator simulacrum.
Tha alligator simulacrum vapourises!
Vehumet accepts yer kill.
Ye feel yer power returnin'.
Castin': Magic Dart Confirm wit' . or Enter, or press ? or * ta list all spells.
Aimin': Magic Dart
Press: ? - help, Shift-Dir - straight line, f - polar bear simulacrum
Aim: a polar bear simulacrum (freezin' vapour) Tha magic dart hits tha polar bear simulacrum.
Yer battlesphere fires!
Tha barrage o' energy hits tha polar bear simulacrum.
Yer battlesphere 'spends tha last o' its energy an' dissipates.
Tha polar bear simulacrum bites ye!
Tha polar bear simulacrum freezes ye!!
* * * LOW HITPOINT WARNIN'
* * * Tha polar bear simulacrum claws ye.
* * * LOW HITPOINT WARNIN'
* * * Tha polar bear simulacrum freezes ye!
Ye die...

#### ##
##..##
##..##....##
#........§.#
.....Z.∩Z@.#
..##.......#
###....##
##..## ####


You could see a death yak simulacrum and a polar bear simulacrum.

Vanquished Creatures
  Urug (D:10)
  Pikel (D:6)
  A komodo dragon (D:10)
  A troll (D:9)
  A wolf spider simulacrum (IceCv)
  5 yaks (D:10)
  A spriggan (D:7)
  A hippogriff (D:9)
  A steam dragon (D:9)
  Edmund (D:6)
  Menkaure (D:7)
  2 water moccasins
  A porcupine (Lair:1)
  2 slaves (D:6)
  Duvessa (D:6)
  4 sky beasts
  A phantom (D:4)
  A black bear (D:9)
  An ice beast (D:5)
  An alligator simulacrum (IceCv)
  An eye of draining (D:10)
  3 necrophages
  6 ogres
  3 centaurs
  4 giant frogs
  Dowan (D:6)
  2 scorpions
  4 howler monkeys
  7 crimson imps
  A quasit (D:10)
  2 giant frog zombies
  4 hounds
  A gnoll shaman (D:7)
  2 giant frog skeletons
  4 orc priests
  8 orc wizards
  5 iguanas
  5 worker ants
  4 sheep (Lair:1)
  A hound zombie (D:6)
  A hound skeleton (D:7)
  A howler monkey zombie (D:6)
  8 gnolls
  15 adders
  2 shadow imps (D:7)
  12 white imps (Lair:1)
  An adder zombie (D:7)
  3 adder skeletons
  4 worms
  7 giant geckos
  34 orcs
  4 giant cockroaches
  11 goblins
  5 hobgoblins
  10 jackals
  3 quokkas
  2 ball pythons
  12 bats
  4 giant newts
  6 kobolds
  A quokka skeleton (D:9)
  A quokka zombie (D:5)
  3 rats
  A fungus (D:3)
248 creatures vanquished.

Vanquished Creatures (others)
  A plant (D:10)
1 creature vanquished.

Grand Total: 249 creatures vanquished

Notes
Turn   | Place    | Note
--------------------------------------------------------------
     0 | D:1      | Heedrag the Deep Elf Conjurer began the quest for the Orb.
     0 | D:1      | Reached XP level 1. HP: 10/10 MP: 6/6
   329 | D:1      | Reached XP level 2. HP: 15/15 MP: 4/8
   867 | D:2      | Reached skill level 5 in Conjurations
   977 | D:2      | Found an opulent altar of Gozag.
   984 | D:2      | Reached XP level 3. HP: 19/19 MP: 3/10
  1091 | D:2      | You fall through a shaft for 2 floors!
  1098 | D:4      | Noticed a phantom
  1102 | D:4      | Found a shadowy altar of Dithmenos.
  1354 | D:2      | Found a shattered altar of Ashenzari.
  1354 | D:2      | Found a shadowy altar of Dithmenos.
  1631 | D:2      | Found a shimmering altar of Xom.
  1667 | D:2      | Found an ancient bone altar of Kikubaaqudgha.
  1675 | D:2      | Reached XP level 4. HP: 24/24 MP: 6/11
  1681 | D:2      | Learned a level 4 spell: Iskenderun's Mystic Blast
  2317 | D:3      | Found a stormy altar of Qazlal.
  2373 | D:3      | Reached skill level 6 in Conjurations
  2501 | D:3      | HP: 1/24 [orc priest/mace (2)]
  2503 | D:3      | Reached XP level 5. HP: 2/28 MP: 0/14
  2603 | D:3      | Learned a level 5 spell: Iskenderun's Battlesphere
  2938 | D:3      | Reached skill level 1 in Charms
  2955 | D:3      | Reached skill level 5 in Spellcasting
  3165 | D:3      | Reached XP level 6. HP: 32/32 MP: 12/15
  3310 | D:3      | Reached skill level 7 in Conjurations
  3557 | D:4      | Found Lawker's Assorted Antiques.
  3999 | D:5      | Entered Level 5 of the Dungeon
  4182 | D:5      | Found a staircase to the Ecumenical Temple.
  4182 | D:5      | Noticed an ice beast
  4326 | Temple   | Entered the Ecumenical Temple
  4365 | Temple   | Became a worshipper of Vehumet
  4740 | D:4      | Found an oddly glowing altar of Pakellas.
  4740 | D:4      | Noticed a rakshasa
  4930 | D:4      | Reached XP level 7. HP: 36/36 MP: 0/18
  5176 | D:5      | Reached skill level 8 in Conjurations
  5649 | D:5      | Reached skill level 5 in Charms
  5723 | D:5      | Reached * piety under Vehumet
  5723 | D:5      | Offered knowledge of Shock by Vehumet.
  5780 | D:5      | Reached XP level 8. HP: 24/41 MP: 10/20
  6021 | D:6      | Reached skill level 9 in Conjurations
  6127 | D:6      | Noticed Pikel
  6481 | D:6      | Noticed Edmund
  6498 | D:6      | Killed Edmund
  6613 | D:6      | Found a sacrificial altar of Ru.
  6709 | D:6      | Noticed Dowan
  6861 | D:6      | Killed Dowan
  6863 | D:6      | Noticed Duvessa
  6869 | D:6      | Killed Duvessa
  6869 | D:6      | Reached skill level 1 in Fighting
  6991 | D:6      | Killed Pikel
  6991 | D:6      | Reached skill level 10 in Conjurations
  6991 | D:6      | Reached XP level 9. HP: 47/47 MP: 10/23
  7014 | D:6      | Offered knowledge of Freeze by Vehumet.
  7127 | D:6      | Reached ** piety under Vehumet
  7625 | D:7      | Noticed Menkaure
  7634 | D:7      | Killed Menkaure
  7722 | D:7      | Offered knowledge of Throw Frost by Vehumet.
  7847 | D:7      | Reached skill level 11 in Conjurations
  7855 | D:7      | Found a deep blue altar of Sif Muna.
  7865 | D:7      | Found a glowing golden altar of the Shining One.
  8057 | D:7      | Reached *** piety under Vehumet
  8204 | D:8      | Found an iron altar of Okawaru.
  8238 | D:8      | Reached skill level 5 in Dodging
  8362 | D:9      | Reached XP level 10. HP: 41/56 MP: 13/25
  8371 | D:9      | Offered knowledge of Static Discharge by Vehumet.
  8583 | D:9      | Found a sparkling altar of Nemelex Xobeh.
  8634 | D:9      | Gained mutation: You tend to lose your temper in combat. [mutagenic meat]
  8635 | D:9      | Gained mutation: Your flesh is heat resistant. [mutagenic meat]
  8662 | D:9      | Found a staircase to the Orcish Mines.
  9000 | D:9      | Found a white marble altar of Elyvilon.
  9153 | D:10     | Entered Level 10 of the Dungeon
  9163 | D:10     | Noticed Urug
  9233 | D:10     | Found a staircase to the Lair.
  9600 | D:10     | Killed Urug
  9600 | D:10     | Reached skill level 10 in Spellcasting
  9720 | D:10     | Reached skill level 12 in Conjurations
  9784 | D:10     | Reached **** piety under Vehumet
  9889 | D:10     | Found a shimmering altar of Xom.
 10026 | D:10     | Lost mutation: Your flesh is heat resistant. [potion of cure mutation]
 10026 | D:10     | Lost mutation: You tend to lose your temper in combat. [potion of cure mutation]
 10174 | D:10     | Offered knowledge of Lightning Bolt by Vehumet.
 10343 | Lair:1   | Entered Level 1 of the Lair of Beasts
 10367 | Lair:1   | Reached skill level 10 in Charms
 10624 | Lair:1   | Found a frozen archway.
 10644 | IceCv    | Entered an ice cave
 10653 | IceCv    | Slain by a polar bear simulacrum

Skill      XL: |  1  2  3  4  5  6  7  8  9 10 |
---------------+-------------------------------+-----
Conjurations   | 5 6 7 8 10 11 12 | 12.3
Spellcasting   | 4 5 6 8 9 10 | 10.5
Charms         | 1 3 5 7 8 10 | 10.1
Fighting       | 1 3 4 |  4.3
Dodging        | 3 5 6 |  6.6
Stealth        | |  2.4

Action                   |  1- 3 |  4- 6 |  7- 9 | 10-12 || total
-------------------------+-------+-------+-------+-------++-------
Melee: Unarmed           |     1 |       |       |       ||     1
       Dagger            |       |    39 |    25 |     1 ||    65
 Cast: Magic Dart        |    61 |   176 |   238 |   158 ||   633
       Iskenderun's Myst |       |     4 |    10 |     5 ||    19
       Iskenderun's Batt |       |     1 |    33 |    23 ||    57
  Use: Potion            |       |       |     1 |    13 ||    14
       Scroll            |       |       |       |    11 ||    11
  Eat: Chunk             |     2 |    10 |    17 |    12 ||    41
       Pizza             |       |       |     2 |       ||     2
       Beef jerky        |       |       |       |     1 ||     1
Armor: Robe              |     1 |    10 |    14 |     2 ||    27
Dodge: Dodged            |     6 |    28 |    48 |    17 ||    99
